Unix NetHack Version 5.0.0-0 post-release - last build Jun 10 2026 00:39:30 (3ee93aec679c4c4259841fe613dc97188e26a321,branch:main).

Game began 2026-06-13 17:49:09, ended 2026-06-13 18:04:42.

Brudee, chaotic female human Rogue

                       ---------
                       |.......|
     -----------       |........#
     |.........|    ###.^......|#
     |..........#####  ---------#
     |.........|                #
     |..*....<*|               ##
     |.........|               #
     -----------             ###
                             #   ----------
                             #|.....@.....|
                             #.......q.%..-
                              |...........|
                                    ......|
                                    ......+
                                    -------

Brudee the Cutpurse     St:25 Dx:18 Co:12 In:15 Wi:11 Ch:7  Chaotic S:524
Dlvl:4  $:80 HP:0(22) Pw:15(15) AC:6  Xp:3/71 T:1080  Hungry  

Latest messages:
 You miss the rothe.
 The rothe misses!
 The rothe bites!
 The rothe bites again!
 You kill the rothe!
 You see here a rothe corpse.
 There is a rothe corpse here; eat it? [ynq] (n) y
 This rothe corpse is tough.
 You only feel hungry now.
 You finish eating the rothe corpse.
 You swap places with Shaggy.
 You hit the gray ooze!
 You kill the gray ooze!
 You see here a small glob of gray ooze.
 The little dog bites!
 There is a small glob of gray ooze here; eat it? [ynq] (n) y
 You have a very bad case of stomach acid.
 Shaggy misses the little dog.
 The little dog bites!
 You stop eating the small glob of gray ooze.
 Shaggy misses the little dog.
 The little dog bites!
 There is a partly eaten small glob of gray ooze here; eat it? [ynq] (n) q
 What do you want to throw? [$bg or ?*] p
 In what direction? u
 The little dog seems more amiable.
 The slime mold misses the little dog.
 Shaggy misses the little dog.
 p - a slime mold.
 Shaggy bites the little dog.
 The little dog misses Shaggy.
 There is nothing here to pick up.
 Shaggy bites it.
 It misses Shaggy.
 Shaggy misses it.
 Shaggy bites the little dog.
 The little dog bites Shaggy.
 Shaggy picks up a partly eaten small glob of gray ooze.
 Shaggy drops a partly eaten small glob of gray ooze.
 You stop.  The little dog is in the way!
 In what direction? l
 The dagger misses.
 In what direction? l
 The dagger hits it!
 g - a +0 dagger (at the ready) (4 in total).
 The rothe hits!
 The rothe bites!
 You die...
 Do you want your possessions identified? [ynq] (y) y
 Do you want to see your attributes? [ynq] (y) q

Inventory:
 Coins    ('$')
  $ - 80 gold pieces
 Amulets  ('"')
  o - an uncursed amulet of guarding
 Weapons  (')')
  b - a +0 dagger (alternate weapon; not wielded)
  g - 4 +0 daggers (at the ready)
  a - a +0 short sword (weapon in right hand)
 Armor    ('[')
  w - an uncursed +0 pair of gauntlets of power (being worn)
  v - an uncursed +0 Hawaiian shirt with a parrot motif
  c - an uncursed +1 leather armor (being worn)
 Comestibles  ('%')
  p - an uncursed slime mold
  E - an uncursed cream pie
  C - an uncursed food ration
 Scrolls  ('?')
  s - an uncursed scroll of enchant weapon
  n - an uncursed scroll of remove curse
 Spellbooks  ('+')
  F - an uncursed spellbook of charm monster
  D - an uncursed spellbook of magic missile
 Potions  ('!')
  k - a cursed potion of hallucination
  i - 3 uncursed potions of healing
  m - a cursed potion of healing
  d - an uncursed potion of sickness
  j - a cursed potion of speed
 Rings    ('=')
  z - an uncursed ring of free action
 Wands    ('/')
  l - a wand of striking (0:7)
 Tools    ('(')
  u - an empty uncursed bag of holding
  f - an empty uncursed sack
  A - an empty uncursed sack
  e - an uncursed lock pick
 Gems/Stones  ('*')
  B - 2 uncursed rocks

Brudee the Rogue's attributes:

Background:
 You were a Cutpurse, a level 3 female human Rogue.
 You were chaotic, nominally on a mission for Kos
 who was opposed by Issek (lawful) and Mog (neutral).
 You were right-handed.
 You were in the Dungeons of Doom, on level 4.
 You entered the dungeon 1080 turns ago.
 You had 71 experience points, 9 more were needed to attain level 4.
 Your score was 524 before end-of-game adjustments.

Basics:
 You had 0 out of 22 hit points.
 You had all 15 energy points (spell power).
 Your armor class was 6.
 Your wallet contained 80 zorkmids.
 Autopickup was on for '$!=+?/"' plus thrown.

Final Characteristics:
 Your strength was 25 (base:12, innate limit:18/100).
 Your dexterity was 18 (limit:18).
 Your constitution was 12 (limit:18).
 Your intelligence was 15 (limit:18).
 Your wisdom was 11 (limit:18).
 Your charisma was 7 (limit:18).

Final Status:
 You were hungry.
 You were unencumbered.
 You were wielding a short sword.
 You had basic skill with short sword.

Final Attributes:
 You were devoutly aligned.
 You were stealthy.
 You were warded.
 You are dead.

Miscellaneous:
 You encountered 1 bones level.
 Total elapsed playing time was 15 minutes and 31 seconds.

Major events:
 Turn
    1: Brudee the chaotic female human Rogue entered the dungeon
  820: attained the rank of Cutpurse (level 3)
 1080: killed by a rothe

You didn't know any spells.

Skills:
 Fighting Skills
   bare handed combat [Unskilled]
   two weapon combat  [Unskilled]
   riding             [Unskilled]
 Weapon Skills
   dagger             [Basic]
   knife              [Unskilled]
   short sword        [Basic]
   broadsword         [Unskilled]
   long sword         [Unskilled]
   two-handed sword   [Unskilled]
   saber              [Unskilled]
   club               [Unskilled]
   mace               [Unskilled]
   morning star       [Unskilled]
   flail              [Unskilled]
   hammer             [Unskilled]
   polearms           [Unskilled]
   spear              [Unskilled]
   crossbow           [Unskilled]
   dart               [Unskilled]
   shuriken           [Unskilled]
 Spellcasting Skills
   divination spells  [Unskilled]
   escape spells      [Unskilled]
   matter spells      [Unskilled]

Voluntary challenges:
 Character rerolling was not enabled.
 You were an atheist.
 You never genocided any monsters.
 You never polymorphed an object.
 You never changed form.
 You used no wishes.
Achievements:
 You entered a shop.
 You attained the rank of Cutpurse.

 The Dungeons of Doom: levels 1 to 4
    Level 1:
       A fountain, some sinks, a grave.
    Level 2:
    Level 3:
       A general store, a fountain.
    Level 4: <- You were here.
       Final resting place for
          you, killed by a rothe,
          IcarusRises-Tou-Hum-Mal-Neu, killed by a rothe.


Vanquished creatures:
  a gray ooze
  a rothe
  a gas spore
  a cave spider
  2 geckos
  2 jackals
  a fox
  a goblin
  2 sewer rats
  5 lichens
  6 newts
23 creatures vanquished.

No species were genocided or became extinct.

Game over:
                       ----------
                      /          \
                     /    REST    \
                    /      IN      \
                   /     PEACE      \
                  /                  \
                  |      Brudee      |
                  |      80 Au       |
                  |   killed by a    |
                  |      rothe       |
                  |                  |
                  |                  |
                  |       2026       |
                 *|     *  *  *      | *
        _________)/\\_//(\/(/\)/\//\/|_)_______

Goodbye Brudee the Rogue...

You died in The Dungeons of Doom on dungeon level 4 with 516 points,
and 80 pieces of gold, after 1080 moves.
You were level 3 with a maximum of 22 hit points when you died.

